 Dungeon Crawl Stone Soup version 0.29-a0-323-g050149af67 (webtiles) character file.

Game seed: 769312519333488980

2 Dauddaud the Chopper (level 1, 0/16 HPs)
             Began as a Demonspawn Gladiator on Apr 10, 2022.
             Slain by a jackal (1 damage)
             ... on level 2 of the Dungeon.
             The game lasted 00:01:38 (283 turns).

Dauddaud the Chopper (Demonspawn Gladiator)          Turns: 283, Time: 00:01:40

Health: 0/16       AC:  4    Str: 14    XL:     1   Next: 33%
Magic:  1/1        EV: 12    Int:  9    God:
Gold:   27         SH:  0    Dex: 14    Spells: 0/0 levels left

rFire   . . .      SeeInvis .   a - +0 war axe
rCold   . . .      Faith    .   (no shield)
rNeg    . . .      Spirit   .   b - +0 leather armour
rPois   .          Reflect  .   c - +0 helmet
rElec   .          Harm     .   (no cloak)
rCorr   .          Rampage  .   (no gloves)
Will    .....                   (no boots)
Stlth   +.........              (no amulet)
HPRegen 0.05/turn               (no ring)
MPRegen 0.07/turn               (no ring)

@: no status effects
A: no striking features
a: no special abilities


You were on level 2 of the Dungeon.
You visited 1 branch of the dungeon, and saw 2 of its levels.

You collected 27 gold pieces.

Inventory:

Hand Weapons
 a - a +0 war axe (weapon)
Missiles
 d - 3 throwing nets (quivered)
 e - a javelin
 f - 25 stones
 g - 6 poisoned darts
Armour
 b - a +0 leather armour (worn)
 c - a +0 helmet (worn)


   Skills:
 + Level 2.0 Fighting
 + Level 2.8 Axes
 + Level 1.8 Throwing
 + Level 2.6 Dodging


You couldn't memorise any spells.
You didn't know any spells.
Your spell library was empty.

Dungeon Overview and Level Annotations

Branches:
Dungeon (2/15)

Altars:


Message History

You hit the jackal but do no damage.
The jackal is moderately wounded.
The jackal bites you. x2
* * * LOW HITPOINT WARNING * * *
The jackal closely misses you.
Found a flail.
The jackal bites you but does no damage.
There is a stone staircase leading down here.
The jackal bites you but does no damage.
The jackal barely misses you.
You climb downwards.
There is a stone staircase leading up here.
An adder comes into view.
The jackal bites you.
* * * LOW HITPOINT WARNING * * *
The adder misses you. The jackal attacks as you move away!
The jackal closely misses you. The adder closely misses you.
The jackal bites you but does no damage.
You open the large door.
A frilled lizard comes into view.
The frilled lizard hisses angrily.
The adder barely misses you. The jackal closely misses you.
Found a fizzy brown potion.
The jackal attacks as you move away! The jackal barely misses you.
Found 8 gold pieces.
The adder bites you.
* * * LOW HITPOINT WARNING * * *
There is a large open door here.
You barely miss the frilled lizard. You hit the jackal but do no damage.
You slash the adder! The jackal bites you.
* * * LOW HITPOINT WARNING * * *
The adder bites you but does no damage. The frilled lizard misses you.
The jackal bites you but does no damage.
You closely miss the frilled lizard. You barely miss the adder.
You closely miss the jackal. The adder bites you but does no damage.
The jackal bites you but does no damage.
The frilled lizard barely misses you. The adder closely misses you.
The jackal bites you but does no damage.
The jackal bites you.
You die...

##.$...# ......#
#.....# #.....#
####### !....
##.....# ...
#..<...# #l#
###......#
##@####...######
#hhS....###
#.......#
#.........#
#......##.#
#.........#
#.....#####
#######


You could see an adder, 2 jackals and a frilled lizard.

Vanquished Creatures
  A jackal (D:1)
  A kobold (D:1)
  A rat (D:1)
3 creatures vanquished.

Notes
Turn   | Place    | Note
-------+----------+-------------------------------------------
     0 | D:1      | Dauddaud the Demonspawn Gladiator began the quest for the
                  | Orb.
     0 | D:1      | Reached XP level 1. HP: 16/16 MP: 1/1
     3 | D:1      | Noticed an electric eel
     4 | D:1      | Noticed an electric eel
   283 | D:2      | Slain by a jackal

Illustrated notes

Levels and vault maps discovered:
D:1:      arrival_aquarium_b, layout_loops_ring, minmay_cut_off
D:2:      minmay_roachtagon, layout_basic,
          dreamdust_ecumenical_altar_hidden_monk_grotto, minmay_unequal,
          uniq_sigmund

Action                   || total
-------------------------++-------
Melee: War axe           ||    28
Armor: Leather armour    ||    17
Dodge: Dodged            ||    37

Table legend: (Time is in decaauts)
 A = Elapsed time spent in this place.
 B = Non-inter-level travel time spent in this place.
 C = Inter-level travel time spent in this place.
 D = Time resting spent in this place.
 E = Time spent auto-exploring this place.
 F = Levels seen in this place.
 G = Mean time per level.
                   A        B        C        D        E       F      G
               +--------+--------+--------+--------+--------+-----+--------+
         Total |    292 |    292 |      0 |     97 |     67 |   2 |  146.0 |
       Dungeon |    292 |    292 |      0 |     97 |     67 |   2 |  146.0 |
               +--------+--------+--------+--------+--------+-----+--------+

Top non-repeatable levels by time:
     D:1: 280 daAuts
     D:2: 12 daAuts
